 Dungeon Crawl Stone Soup version 0.25-a0-566-g062765be81 (webtiles) character file.

Game seed: 4943590613992636068, levelgen mode: deterministic

65 vurker the Gusty (level 3, -4/15 HPs)
             Began as a Felid Air Elementalist on Feb 28, 2020.
             Killed by divine providence
             ... invoked by an orc priest
              (17 damage)
             ... on level 3 of the Dungeon.
             The game lasted 00:02:24 (2077 turns).

vurker the Gusty (Felid Air Elementalist)           Turns: 2077, Time: 00:02:25

Health: -4/15      AC:  1    Str:  4    XL:     3   Next: 94%
Magic:  1/8        EV: 18    Int: 17    God:
Gold:   24         SH:  0    Dex: 16    Spells: 6/7 levels left
                                        Lives:  0   Deaths: 0

rFire    . . .     SeeInvis +   (weapon unavailable)
rCold    . . .     Gourm    .   (shield unavailable)
rNeg     . . .     Faith    .   (armour unavailable)
rPois    .         Spirit   .   (helmet unavailable)
rElec    .         Reflect  .   (cloak unavailable)
rCorr    .         Harm     .   (gloves unavailable)
MR       .....                  (boots unavailable)
Stlth    +++.......             (no amulet)
HPRegen  0.05/turn              (no ring)
MPRegen  0.11/turn              (no ring)

@: quick
A: very small, no armour, no weapons or thrown items, stealth, claws 1, fangs 3,
see invisible, carnivore, speed 1, shaggy fur 1, slow metabolism 1, sharp paws
a: no special abilities


You were on level 3 of the Dungeon.
You were completely stuffed.

You visited 1 branch of the dungeon, and saw 3 of its levels.

You collected 24 gold pieces.

Inventory:

Scrolls
 a - 2 scrolls of teleportation
 d - a scroll of noise
 m - a scroll of magic mapping
Potions
 c - 2 potions of curing {unknown}
 g - a potion of heal wounds {unknown}
 h - a potion of brilliance {unknown}
 j - a potion of lignification {unknown}
 k - a potion of haste {unknown}
Comestibles
 b - 3 chunks of flesh
 e - 5 rations


   Skills:
 + Level 1.1 Fighting
 - Level 2.6 Dodging
 - Level 2.6 Stealth
 * Level 2.7 Spellcasting
 + Level 1.5 Conjurations
 * Level 3.3 Air Magic


You had 6 spell levels left.
You knew the following spells:

 Your Spells              Type           Power        Failure   Level  Hunger
a - Shock                 Conj/Air       ##..         6%          1    #......

Your spell library contained the following spells:

 Spells                   Type           Power        Failure   Level  Hunger
 Swiftness                Chrm/Air       #.......     14%         2    ##.....
 Static Discharge         Conj/Air       ##......     19%         3    ###....
 Airstrike                Air            ##........   41%         4    #####..
 Lightning Bolt           Conj/Air       ##........   87%         5    ######.


Dungeon Overview and Level Annotations

Branches:
Dungeon (3/15)

Altars:


Innate Abilities, Weirdness & Mutations

You cannot wear armour.
You are incapable of wielding weapons or throwing items.
Your paws allow you to move quietly. (Stealth)
You have sharp claws.
You have razor-sharp teeth.
You have supernaturally acute eyesight. (SInv)
You are carnivorous and can eat meat at any time.
You cover ground quickly.
You are covered in fur. (AC +1)
You have a slow metabolism.
Your sharp claws are effective at attacking unaware monsters.


Message History

A black bear comes into view.
There is a stone staircase leading down here.
A black bear is nearby!
Okay, then.
Drop what? 11/52 slots (_ for help) (? for menu, Esc to quit)
You remove your ring of attention.
You drop an uncursed ring of attention.
The orc priest is too close now for your liking.
Aim: an orc priest, wielding a +0 short sword and wearing a +0 ring mail (hasn't noticed you)
The zap misses the orc priest.
The orc priest shouts!
Aim: an orc priest, wielding a +0 short sword and wearing a +0 ring mail The zap hits the orc priest.
You hear a shout!
An orc comes into view. It is wielding a +0 dagger.
Aim: an orc priest, wielding a +0 short sword and wearing a +0 ring mail (lightly wounded)
The zap hits the orc priest.
The zap hits the orc.
An orc comes into view.
It is wielding a +0 war axe and carrying a wand of flame (28).
Aim: an orc priest, wielding a +0 short sword and wearing a +0 ring mail (lightly wounded)
The zap hits the orc priest.
The zap hits the orc.
You kill the orc!
The zap hits the orc.
The orc shouts!
The orc priest miscasts a cantrip.
You hear a shout!
Aim: an orc priest, wielding a +0 short sword and wearing a +0 ring mail (moderately wounded)
The zap hits the orc priest.
The zap hits the orc.
You kill the orc!
Aim: an orc priest, wielding a +0 short sword and wearing a +0 ring mail (moderately wounded)
The zap hits the orc priest but does no damage.
Aim: an orc priest, wielding a +0 short sword and wearing a +0 ring mail (moderately wounded)
The zap hits the orc priest.
Aim: an orc priest, wielding a +0 short sword and wearing a +0 ring mail (moderately wounded)
The zap hits the orc priest but does no damage.
The orc priest hits you but does no damage.
You hear a shout!
You don't have enough magic to cast that spell.
You aren't carrying any items that you can evoke.
You scratch the orc priest. The orc priest misses you.
You scratch the orc priest. The orc priest misses you.
You scratch the orc priest but do no damage.
The orc priest hits you with a +0 short sword.
You barely miss the orc priest.
The orc priest miscasts a cantrip.
You hear a shout!
You barely miss the orc priest. The orc priest misses you.
The orc priest calls down the wrath of Beogh upon you.
Beogh smites you!
Ouch! That really hurt!
You die...

#.#.##...÷..# §# #§
#.#.........# §# #§
#.#..(......# §# #§
#.#.........#
.###### ##
###.#.........#
....... .#
#.o.#####.###.#
.........#####..#
#.# #.#
.......#........#
#.# #.#
.......<...#.@#.#
#<# #.#
.......#.#.#..#.#
#.# #.# ....... .#
#..#.# #.# #.#
....... o# #..#.##
#.# #.# .####.. oo
#..#..# #.# #.# ###
.# #..##.## #.# #.#
.. ...##..# #.# #.#
.#
#.####.###.###=####
#..##.........


You could see an orc priest.

Vanquished Creatures
  2 adders (D:2)
  An ooze (D:2)
  3 orcs (D:3)
  8 ball pythons
  2 giant cockroaches
  7 goblins
  4 hobgoblins
  3 jackals (D:3)
  2 frilled lizards
  A kobold (D:2)
  2 rats
35 creatures vanquished.

Notes
Turn   | Place    | Note
-------+----------+-------------------------------------------
     0 | D:1      | vurker the Felid Air Elementalist began the quest for the
                  | Orb.
     0 | D:1      | Reached XP level 1. HP: 7/7 MP: 4/4
   115 | D:1      | Reached skill level 1 in Conjurations
   359 | D:1      | Reached XP level 2. HP: 12/12 MP: 1/6
   992 | D:2      | Reached skill level 3 in Air Magic
  1031 | D:2      | Reached XP level 3. HP: 15/15 MP: 1/7
  1486 | D:2      | Reached skill level 1 in Fighting
  2028 | D:3      | Noticed a black bear
  2077 | D:3      | Killed from afar by an orc priest

Levels and vault maps discovered:
D:1:      lightli_molten_gateway, layout_rooms
D:2:      layout_basic, minmay_shallow_snake_nest
D:3:      layout_basic, nicolae_qazlal_eye_of_the_storm, first_ration,
          hangedman_decor_push, kennysheep_generic_room_8

Skill      XL: |  1  2  3 |
---------------+----------+-----
Conjurations   | 1 |  1.5
Air Magic      | 3 |  3.3
Fighting       | 1 |  1.1
Dodging        | |  2.6
Stealth        | |  2.6
Spellcasting   | |  2.7

Action                   || total
-------------------------++-------
Melee: Unarmed           ||    18
 Cast: Shock             ||    73
  Use: Scroll            ||     6
  Eat: Chunk             ||    10
Armor: Skin              ||     1
Dodge: Dodged            ||    28

Table legend:
 A = Non-vault XP
 B = Vault XP
 C = Vault XP percentage of total XP
 D = Non-vault monster count
 E = Vault monster count
 F = Vault count percentage of total count
                 A         B        C        D         E       F
            +---------+---------+-------+---------+---------+-------
      Total |      72 |      22 |  23.4 |      29 |       6 |  17.1
            +---------+---------+-------+---------+---------+-------
        D:1 |      13 |       0 |   0.0 |       7 |       0 |   0.0
        D:2 |      41 |      22 |  34.9 |      14 |       6 |  30.0
        D:3 |      18 |       0 |   0.0 |       8 |       0 |   0.0
            +---------+---------+-------+---------+---------+-------
